 Dungeon Crawl Stone Soup version 0.23.0 (webtiles) character file.

Game seed: 7149097770242528582

2227 Kairos the Chopper (level 9, 0/46 HPs)
             Began as a Vine Stalker Fighter on Feb 10, 2019.
             Was a Follower of Okawaru.
             Succumbed to a killer bee's poison
             ... on level 8 of the Dungeon.
             The game lasted 00:10:09 (5453 turns).

Kairos the Chopper (Vine Stalker Fighter)           Turns: 5453, Time: 00:10:09

Health: 0/46       AC: 13    Str: 23    XL:     9   Next: 36%
Magic:  6/10       EV:  7    Int:  8    God:    Okawaru [*.....]
Gold:   374        SH: 11    Dex: 17    Spells: 8/8 levels left

rFire    + . .     SeeInvis +   a - +0 war axe
rCold    + . .     Gourm    .   c - +0 shield
rNeg     + . .     Faith    .   u - +1 chain mail of Kihotus {*Drain rElec rN+}
rPois    +         Spirit   +   (no helmet)
rElec    +         Reflect  .   (no cloak)
rCorr    +         Harm     .   v - +2 pair of gloves
MR       +....                  (no boots)
Stlth    ..........             (no amulet)
HPRegen  0.55/turn              I - ring of see invisible
MPRegen  0.12/turn              A - +4 ring of dexterity

@: lethally poisoned (0 -> -8), about to teleport, resistant, very slightly
contaminated
A: fangs 3, regeneration 1, magic shield, antimagic bite, no potion heal 3, rot
immunity
a: Heroism, Renounce Religion


You were on level 8 of the Dungeon.
You worshipped Okawaru.
Okawaru was aware of your devotion.
You were hungry.

You visited 2 branches of the dungeon, and saw 9 of its levels.

You collected 374 gold pieces.

Inventory:

Hand Weapons
 a - a +0 war axe (weapon)
 N - a +1 whip of freezing
Armour
 b - a +0 scale mail
 c - a +0 shield (worn)
 k - a +3 chain mail of cold resistance
 u - the +1 chain mail of Kihotus (worn) {*Drain rElec rN+}
   (You found it on level 4 of the Dungeon)

   It insulates you from electricity.
   It protects you from negative energy.
   It causes draining when unequipped.
 v - a +2 pair of gloves (worn)
Jewellery
 y - an uncursed ring of fire
 A - a +4 ring of dexterity (right hand)
 I - a ring of see invisible (left hand)
Wands
 m - a wand of iceblast (7)
 t - a wand of enslavement (18)
 w - a wand of digging (3)
 M - a wand of random effects (8)
Scrolls
 e - 3 scrolls of noise
 g - 2 scrolls of amnesia
 i - 3 scrolls of blinking
 l - 6 scrolls of remove curse
 n - 3 scrolls of fog
 o - 4 scrolls of teleportation
 q - 2 scrolls of enchant armour
 z - 5 scrolls of immolation {unknown}
 B - a scroll of fear {unknown}
 H - a scroll of enchant weapon {unknown}
 K - a scroll of random uselessness {unknown}
 L - a scroll of identify
Potions
 d - 3 potions of might
 p - a potion of invisibility {unknown}
 r - 2 potions of heal wounds
 s - a potion of mutation {unknown}
 x - a potion of agility {unknown}
 C - a potion of brilliance
 D - a potion of haste
 E - a potion of ambrosia
 F - a potion of berserk rage {unknown}
 G - a potion of cancellation
 J - a potion of magic {unknown}
Comestibles
 f - 9 rations


   Skills:
 + Level 4.8 Fighting
 + Level 7.6 Axes
 + Level 4.6 Armour
 + Level 2.0 Dodging
 + Level 0.7 Stealth
 + Level 5.7 Shields
 + Level 0.5 Evocations


You had 8 spell levels left.
You didn't know any spells.
Your spell library contained the following spells:

 Spells                   Type           Power        Failure   Level  Hunger
 Beastly Appendage        Tmut           #.....       100%        1    ##.....
 Sticks to Snakes         Tmut           #.......     100%        2    ###....
 Spider Form              Tmut/Pois      #.........   100%        3    ####...
 Ice Form                 Ice/Tmut       #.......     100%        4    #####..
 Blade Hands              Tmut           #.........   100%        5    ######.


Dungeon Overview and Level Annotations

Branches:
Dungeon (8/15)             Temple (1/1) D:7
   Lair: D:8-11

Altars:
Ashenzari
Cheibriados
Dithmenos
Fedhas
Hepliaklqana
Kikubaaqudgha
Nemelex Xobeh
Okawaru
Qazlal
Ru
Sif Muna
Trog
Uskayaw
Wu Jian
Xom
Yredelemnul
Zin
The Shining One


Innate Abilities, Weirdness & Mutations

You have razor-sharp teeth.
Your natural rate of healing is unusually fast.
When hurt, damage is shared between your health and your magic reserves.
Your bite disrupts and absorbs the magic of your enemies.
Potions cannot restore your health.
You are immune to rotting.


Message History

* * * LOW HITPOINT WARNING * * *
You feel sick. The killer bee barely misses you.
An orc comes into view. It is wielding a +0 hand axe.
The killer bee barely misses you. The killer bee stings you!
* * * LOW HITPOINT WARNING * * *
Blink to where?
Press: ? - help, Dir - move target cursor You are very lightly contaminated with residual magic.
As you read the scroll of blinking, it crumbles to dust.
* * * LOW HITPOINT WARNING * * *
You feel sick.
It was a potion of resistance.
You feel protected.
* * * LOW HITPOINT WARNING * * *
You feel sick.
Okay, then.
As you read the scroll of teleportation, it crumbles to dust.
You feel strangely unstable.
You feel like a meek peon again.
You die...

## ######### .# #.......#
################ .# #.......+
...............# .# #.......#
...............# .# +.......#
.........).....# .# #.......#
...............# .#
#.......###...###'#####+##### ##
######....######...#y........
#....#....'.@..'.yy'.y....o..
+....'....#....#...#.y.......
######....########+#y........
#####....................######..
.........................#
.........................#
......†.....†............#
.........................#
#####.................(..#


You could see 2 killer bees.

Vanquished Creatures
  Pikel (D:8)
  Duvessa (D:6)
  A black bear (D:7)
  An ogre (D:7)
  2 centaurs
  6 bullfrogs
  Blork the orc (D:6)
  Dowan (D:6)
  A howler monkey (D:5)
  A bullfrog zombie (D:6)
  A crimson imp (D:5)
  4 hounds
  An orc priest (D:5)
  Ijyb (D:4)
  2 iguanas
  5 orc wizards
  3 worker ants
  A hound skeleton (D:7)
  8 adders
  A shadow imp (D:6)
  An ooze (D:1)
  An adder skeleton (D:5)
  2 worms
  3 dart slugs
  7 leopard geckos
  18 orcs
  2 giant cockroaches
  11 goblins
  9 hobgoblins
  10 jackals
  5 kobolds
  A quokka (D:3)
  6 bats
  3 frilled lizards
  4 rats
126 creatures vanquished.

Vanquished Creatures (collateral kills)
  An ogre (D:7)
  A worker ant zombie (D:7)
2 creatures vanquished.

Vanquished Creatures (others)
  A wyvern (D:7)
1 creature vanquished.

Grand Total: 129 creatures vanquished

Notes
Turn   | Place    | Note
-------+----------+-------------------------------------------
     0 | D:1      | Kairos the Vine Stalker Fighter began the quest for the
                  | Orb.
     0 | D:1      | Reached XP level 1. HP: 11/11 MP: 2/2
    63 | D:1      | Reached skill level 2 in Axes
    74 | D:1      | Reached XP level 2. HP: 16/16 MP: 3/3
   169 | D:1      | Reached XP level 3. HP: 18/19 MP: 4/4
   885 | D:2      | Gained mutation: Your natural rate of healing is unusually
                  | fast. [Vine Stalker growth]
   885 | D:2      | Reached XP level 4. HP: 24/24 MP: 5/5
  1944 | D:3      | Reached XP level 5. HP: 28/28 MP: 4/6
  2335 | D:3      | Reached skill level 3 in Axes
  2585 | D:4      | Reached skill level 1 in Dodging
  2590 | D:4      | Reached XP level 6. HP: 26/32 MP: 4/7
  2672 | D:4      | Got a scorched chain mail
  2683 | D:4      | Identified the +1 chain mail of Kihotus {*Drain rElec rN+}
                  | (You found it on level 4 of the Dungeon)
  2785 | D:4      | Noticed Ijyb
  2804 | D:4      | Killed Ijyb
  2804 | D:4      | Reached skill level 4 in Axes
  3175 | D:5      | Entered Level 5 of the Dungeon
  3215 | D:5      | Reached XP level 7. HP: 34/36 MP: 8/8
  3889 | D:6      | Noticed Duvessa
  3917 | D:6      | Noticed Blork the orc
  3926 | D:6      | Killed Blork the orc
  3926 | D:6      | Reached skill level 5 in Axes
  4055 | D:6      | Noticed Dowan
  4073 | D:6      | Killed Dowan
  4083 | D:6      | Killed Duvessa
  4110 | D:6      | Gained mutation: You have razor-sharp teeth. [Vine Stalker
                  | growth]
  4110 | D:6      | Reached XP level 8. HP: 36/42 MP: 9/9
  4372 | D:6      | Reached skill level 6 in Axes
  4507 | D:7      | Noticed a wyvern
  4565 | D:7      | Killed a centaur
  4565 | D:7      | Reached skill level 5 in Shields
  4640 | D:7      | Found a staircase to the Ecumenical Temple.
  4650 | D:7      | Found a shadowy altar of Dithmenos.
  4696 | Temple   | Entered the Ecumenical Temple
  4742 | Temple   | Became a worshipper of Warmaster Okawaru
  4964 | D:7      | Found a deep blue altar of Sif Muna.
  5042 | D:7      | Reached skill level 7 in Axes
  5235 | D:7      | Reached XP level 9. HP: 46/46 MP: 10/10
  5332 | D:8      | Noticed Pikel
  5357 | D:8      | Killed Pikel
  5357 | D:8      | Reached * piety under Okawaru
  5451 | D:8      | HP: 2/46 [poisoned by a killer bee]
  5453 | D:8      | Succumbed to a killer bee's poison

Skill      XL: |  1  2  3  4  5  6  7  8  9 |
---------------+----------------------------+-----
Axes           | 2 3 4 5 7 |  7.6
Fighting       | 3 4 |  4.8
Shields        | 3 4 5 |  5.7
Armour         | 3 4 |  4.6
Dodging        | 1 2 |  2.0
Stealth        | |  0.7
Evocations     | |  0.5

Action                   |  1- 3 |  4- 6 |  7- 9 || total
-------------------------+-------+-------+-------++-------
Melee: War axe           |    87 |   191 |   190 ||   468
       Bite              |    18 |    55 |    79 ||   152
Invok: Heroism           |       |       |     1 ||     1
Evoke: Wand              |       |       |     2 ||     2
  Use: Scroll            |     3 |     4 |     4 ||    11
       Potion            |       |       |     7 ||     7
  Eat: Chunk             |       |     6 |     5 ||    11
       Ration            |       |       |     1 ||     1
Armor: Scale mail        |    30 |       |       ||    30
       Chain mail        |     8 |   137 |    93 ||   238
       Skin              |       |       |    17 ||    17
Dodge: Dodged            |    39 |    51 |    52 ||   142
Block: Shield            |    47 |   119 |   124 ||   290
